 Dungeon Crawl Stone Soup version 0.18.1-2-ga659475 (webtiles) character file.

102 dysrexia the Slasher (level 4, -7/31 HPs)
             Began as an Octopode Chaos Knight on May 7, 2016.
             Killed from afar by an orc wizard (13 damage)
             ... with a puff of flame
             ... on level 3 of the Dungeon on May 8, 2016.
             The game lasted 00:11:40 (2671 turns).

dysrexia the Slasher (Octopode Chaos Knight)        Turns: 2671, Time: 00:11:41

Health: -7/31      AC:  2    Str: 11    XL:     4   Next: 77%
Magic:  5/5        EV: 12    Int: 14    God:    Xom [*.....]
Gold:   143        SH:  0    Dex: 12    Spells: 0 memorised, 5 levels left

rFire  . . .     SeeInvis .     a - +1 falchion (chaos)
rCold  . . .     Gourm    .     (no shield)
rNeg   . . .     Faith    .     (helmet restricted)
rPois  .         Spirit   .     (no amulet)
rElec  .         Dismiss  .     d - ring of flight
rCorr  .         Reflect  .     o - +1 ring of protection
SustAt .         Harm     .     (no ring)
MR     .....                    (no ring)
Stlth  +++.......               (no ring)
                                (no ring)
                                (no ring)
                                (no ring)

@: not resistant to hostile enchantments, fairly stealthy
A: almost no armour, amphibious, 8 rings, constrict 8, camouflage 1, screaming
2, gelatinous body 1
a: Renounce Religion, Evoke Flight


You were on level 3 of the Dungeon.
You worshipped Xom.
You were a special plaything of Xom.
You were hungry.

You visited 1 branch of the dungeon, and saw 3 of its levels.

You collected 143 gold pieces.

Inventory:

Hand Weapons
 a - a +1 falchion of chaos (weapon)
 r - a +1 spear of piercing
Jewellery
 d - a ring of flight (left tentacle)
 o - a +1 ring of protection (right tentacle)
Wands
 s - a wand of flame (11/48)
Scrolls
 c - 3 scrolls of teleportation
 f - a scroll of remove curse {unknown}
 h - 2 scrolls of recharging
 j - a scroll of amnesia
 k - a scroll of random uselessness {unknown}
 m - 2 scrolls of identify
Potions
 e - 2 potions of degeneration {unknown}
 g - a potion of berserk rage {unknown}
 i - a potion of might
 n - 2 potions of curing {unknown}
 p - a potion of resistance {unknown}
 q - 2 potions of mutation {unknown}
Comestibles
 b - 2 bread rations
 l - 4 fruits


   Skills:
 - Level 3.0 Fighting
 * Level 4.6 Long Blades
 - Level 2.3 Dodging
 + Level 2.8 Stealth
 - Level 1.0 Spellcasting


You had 5 spell levels left.
You didn't know any spells.

Dungeon Overview and Level Annotations

Branches:
Dungeon (3/15)

Altars:
Ashenzari
Dithmenos
Pakellas
Ru
Sif Muna
The Shining One


Innate Abilities, Weirdness & Mutations

You cannot wear most types of armour.
You are amphibious.
You can wear up to eight rings at the same time.
You can use your tentacles to constrict eight enemies at once.
Your skin changes colour to match your surroundings (Stealth).
Your rubbery body absorbs attacks (AC +1).
You sometimes yell uncontrollably at your foes.


Message History

You are feeling hungry.
You closely miss something.
You hear some strange, mumbled words.
A magic dart appears from out of thin air!
The magic dart hits you!
The orc throws a tomahawk.
The tomahawk closely misses you. Something hits you but does no damage.
You closely miss something.
You hear some strange, mumbled words.
A puff of frost appears from out of thin air!
The puff of frost hits you!
The orc throws a tomahawk.
You closely miss something. Something hits you but does no damage.
The orc throws a tomahawk.
Something hits you but does no damage.
You barely miss something. You squeeze something. Something hits you.
* * * LOW HITPOINT WARNING * * *
The orc throws a tomahawk.
Something hits you.
* * * LOW HITPOINT WARNING * * *
You hear some strange, mumbled words.
A puff of flame appears from out of thin air!
The puff of flame hits you!
You die...

#........##oo............# #.
#........##.##.##.§......# #.
#........##o##.##.§......# #.
#......>.##.##.##........# #.
####....(.......#.##........# #.
....###.......#.#.##........# #.
....#.......#.#{#.##.......[# #.
..).).......#.#.#.###'#'########'
#####.......#.#(@.##....####.....
#.......#.#.##...............
#.......#.#..................
#.......#.###...........##...
#.......#.# #...........##...
#.......#.# #...........##...
#.......#.# #...........#####
#.......#.# #...........#
#......)#.# #.#####.#####


You could see an orc.

Vanquished Creatures
  Robin (D:3)
  2 adders (D:2)
  A worm (D:2)
  3 dart slugs
  5 giant geckos
  2 giant cockroaches
  8 hobgoblins
  A quokka (D:2)
  7 bats
  4 giant newts
  14 goblins
  6 kobolds
  7 rats
61 creatures vanquished.

Notes
Turn   | Place    | Note
--------------------------------------------------------------
     0 | D:1      | dysrexia the Octopode Chaos Knight began the quest for the Orb.
     0 | D:1      | Reached XP level 1. HP: 16/16 MP: 1/1
     7 | D:1      | XOM: harmless Pois miscast
   126 | D:1      | Reached XP level 2. HP: 10/21 MP: 2/2
   215 | D:1      | XOM: divination: magic mapping
   263 | D:1      | XOM: harmless Erth miscast
   426 | D:1      | Reached skill level 1 in Spellcasting
   525 | D:1      | Upgraded the game from 0.18.1-1-g2f07953 to 0.18.1-2-ga659475
   559 | D:1      | Reached skill level 1 in Stealth
   702 | D:1      | Reached XP level 3. HP: 26/26 MP: 4/4
   807 | D:1      | XOM: god gift: robe {god gift}
  1129 | D:2      | Reached skill level 4 in Long Blades
  1179 | D:2      | XOM: 1-stop teleportation journey
  1374 | D:2      | Reached XP level 4. HP: 24/31 MP: 5/5
  1504 | D:2      | Found a deep blue altar of Sif Muna.
  1515 | D:2      | Found a glowing golden altar of the Shining One.
  1535 | D:2      | Found a shadowy altar of Dithmenos.
  1544 | D:2      | XOM: harmless Air miscast
  1558 | D:2      | Found a sacrificial altar of Ru.
  1586 | D:2      | XOM: give mutation
  1586 | D:2      | Gained mutation: You occasionally shout uncontrollably at your foes. [Xom's mischief]
  1827 | D:3      | Found a shattered altar of Ashenzari.
  1882 | D:3      | XOM: colour smoke trail
  1930 | D:3      | Found an oddly glowing altar of Pakellas.
  2146 | D:3      | Noticed Robin
  2156 | D:3      | XOM: 8-stop teleportation journey
  2316 | D:3      | XOM: harmless Conj miscast
  2393 | D:3      | Killed Robin
  2437 | D:3      | XOM: give mutation
  2437 | D:3      | Gained mutation: You sometimes yell uncontrollably at your foes. [Xom's mischief]
  2442 | D:3      | XOM: mild Erth miscast
  2671 | D:3      | Killed from afar by an orc wizard

Skill      XL: |  1  2  3 |
---------------+----------+-----
Spellcasting   | 1 |  1.0
Stealth        | 1 2 |  2.8
Long Blades    | 4 |  4.6
Fighting       | |  3.0
Dodging        | |  2.3

Action                   |  1- 3 |  4- 6 || total
-------------------------+-------+-------++-------
Melee: Falchion          |    81 |    45 ||   126
       Constrict         |    19 |     6 ||    25
       Tentacles         |     7 |     4 ||    11
  Use: Scroll            |       |     6 ||     6
       Potion            |       |     1 ||     1
 Stab: Sleeping          |     6 |     4 ||    10
  Eat: Chunk             |     1 |     4 ||     5
Armor: Skin              |     7 |     7 ||    14
Dodge: Dodged            |    40 |    29 ||    69
